 Dungeon Crawl Stone Soup version 0.21.1-1-g345015f (webtiles) character file.

90 LairdRich the Chopper (level 4, 0/41 HPs)
             Began as a Minotaur Berserker on June 10, 2018.
             Was a Believer of Trog.
             Killed from afar by Sigmund (10 damage)
             ... with a magic dart
             ... on level 2 of the Dungeon.
             The game lasted 00:05:23 (1256 turns).

LairdRich the Chopper (Minotaur Berserker)          Turns: 1256, Time: 00:05:24

Health: 0/41       AC:  6    Str: 22    XL:     4   Next: 32%
Magic:  3/3        EV: 12    Int:  4    God:    Trog [**....]
Gold:   79         SH:  0    Dex: 10    Spells: 3/3 levels left

rFire    . . .     SeeInvis .   a - +0 hand axe
rCold    . . .     Gourm    .   (no shield)
rNeg     . . .     Faith    .   o - +1 ring mail (curse)
rPois    .         Spirit   .   (helmet restricted)
rElec    .         Reflect  .   (no cloak)
rCorr    .         Harm     .   (no gloves)
MR       +....                  (no boots)
Stlth    ..........             (no amulet)
HPRegen  0.13/turn              h - ring of protection from magic
MPRegen  0.08/turn              (no ring)

@: no status effects
A: retaliatory headbutt, horns 2
a: Berserk, Trog's Hand, Burn Spellbooks, Renounce Religion


You were on level 2 of the Dungeon.
You worshipped Trog.
Trog was pleased with you.
You were not hungry.

You visited 1 branch of the dungeon, and saw 2 of its levels.

You collected 79 gold pieces.

Inventory:

Hand Weapons
 a - a +0 hand axe (weapon)
Missiles
 d - 48 stones (quivered)
Armour
 i - a +0 scale mail
 o - a cursed +1 ring mail (worn)
Jewellery
 h - a ring of protection from magic (left hand)
Scrolls
 e - a scroll of immolation {unknown}
 f - a scroll of magic mapping {unknown}
Potions
 g - a potion of lignification
 j - a potion of resistance {unknown}
 l - a potion of ambrosia {unknown}
 n - a potion of curing {unknown}
Comestibles
 b - 5 chunks of flesh
 c - 3 rations


   Skills:
 + Level 4.4 Fighting
 + Level 4.4 Axes
 + Level 3.4 Armour
 + Level 3.2 Dodging


You had 3 spell levels left.
You didn't know any spells.

Dungeon Overview and Level Annotations

Branches:
Dungeon (2/15)

Altars:

Annotations:
D:2 Sigmund


Innate Abilities, Weirdness & Mutations

You reflexively headbutt those who attack you in melee.
You have a pair of horns on your head.


Message History

You hear some strange, mumbled words.
A puff of flame appears from out of thin air!
The puff of flame hits you! Something hits you.
You see here a frilled lizard corpse.
You butcher the frilled lizard corpse.
Things that are here:
a chunk of flesh; a frilled lizard skeleton
There is a strange disturbance nearby!
Something completely misses you.
A magic dart appears from out of thin air!
The magic dart hits you! Something hits you but does no damage.
A magic dart appears from out of thin air!
The magic dart hits you! Something hits you!
* * * LOW HITPOINT WARNING * * *
A magic dart appears from out of thin air!
The magic dart hits you!
You die...

######......#.#
#...........#.# ##
#..%....#.# ..#
##...[....#+#..#.##
####.............#
####......<......#
#................#
#....#...#########
#@...##..#
##....##..#
###.....###.####
#.......+..>...#
#.......##.....#
#.......##.....#
#........'.....######
##########.....'....#
#.....###.##


There were no monsters in sight!

Vanquished Creatures
  Natasha (twice) (D:2)
  A dart slug (D:1)
  3 leopard geckos (D:1)
  2 goblins (D:1)
  7 hobgoblins
  5 jackals
  6 kobolds (D:1)
  A ball python (D:1)
  3 bats (D:1)
  A frilled lizard (D:2)
  4 rats (D:1)
35 creatures vanquished.

Notes
Turn   | Place    | Note
-------+----------+-------------------------------------------
     0 | D:1      | LairdRich the Minotaur Berserker began the quest for the Orb.
     0 | D:1      | Reached XP level 1. HP: 19/19 MP: 0/0
   442 | D:1      | Reached XP level 2. HP: 27/27 MP: 1/1
   789 | D:1      | Reached XP level 3. HP: 33/33 MP: 2/2
  1102 | D:2      | Reached ** piety under Trog
  1150 | D:2      | Noticed Natasha
  1156 | D:2      | Killed Natasha
  1201 | D:2      | Noticed Natasha
  1209 | D:2      | Killed Natasha
  1209 | D:2      | Reached XP level 4. HP: 35/41 MP: 3/3
  1232 | D:2      | Noticed Sigmund
  1256 | D:2      | Killed from afar by Sigmund

Skill      XL: |  1  2  3 |
---------------+----------+-----
Fighting       | 4 |  4.4
Axes           | 4 |  4.4
Armour         | 3 |  3.4
Dodging        | 3 |  3.2

Action                   |  1- 3 |  4- 6 || total
-------------------------+-------+-------++-------
Melee: Hand axe          |    77 |     6 ||    83
       Headbutt          |     8 |     1 ||     9
  Use: Scroll            |     4 |       ||     4
  Eat: Chunk             |     1 |       ||     1
Armor: Animal skin       |     5 |       ||     5
       Scale mail        |    24 |       ||    24
       Ring mail         |     6 |     6 ||    12
Dodge: Dodged            |    52 |     1 ||    53
